Unix NetHack Version 5.0.0-0 post-release - last build Jul 19 2026 19:10:59 (3aa4ab31751d3886436d94b585a96704892fd477,branch:main).

Game began 2026-07-26 02:19:11, ended 2026-07-26 02:43:13.

DeathOnAStick, neutral male human Tourist

                             .
                           ..
                       -- |..
                      ...--...
                      .....)-
                      ....h@|
                       ...*-|
                        .)[.|
                        ....------
                        ......|..--
                         ---....<.|
                           --..|.--
                            ------
DeathOnAStick the Sightseer  St:4 Dx:15 Co:13 In:15 Wi:7 Ch:14  Neutral S:1258
Dlvl:5  $:719 HP:0(45) Pw:13(13) AC:9  Xp:5/180 T:1521  Satiated

Latest messages:
 It misses the gnome.
 Fido2 drops a dart.
 Fido2 bites the gnome.
 The gnome is killed!
 Fido2 misses the dwarf.
 Fido2 misses it.
 Fido2 bites the dwarf.
 The dwarf swings his pick-axe at Fido2.
 The dwarf hits Fido2.
 Fido2 is killed!
 You are hit by an arrow.
 p - a partly used candle (lit).
 You hear some noises.
 You catch the arrow! u - an arrow.
 What do you want to use or apply? [n-psvxALR or ?*] p
 You snuff out your candle.
 You see here a dart.
 It is missed.
 You are hit by an arrow.
 In what direction? h
 The dart hits the dwarf.
 The dwarf swings his pick-axe.
 The dwarf hits!
 The gnome picks up a bow.
 What do you want to use or apply? [n-psvxALR or ?*] v
 In what direction? h
 The dwarf is blinded by the flash!
 Welcome to experience level 5.
 The dwarf swings his pick-axe.
 The dwarf hits!
 The gnome hits!
 In what direction? k
 The dart hits the gnome.
 In what direction? k
 The dart hits the gnome.
 Are you waiting to get hit?  Use 'm' prefix to force a no-op (to rest).
 In what direction? k
 You kill the gnome!
 In what direction? h
 The dart hits the dwarf.
 In what direction? h
 The dart hits the dwarf.
 The dwarf swings his pick-axe.
 The dwarf hits!
 You die...
 Do you want your possessions identified? [ynq] (y) y
 Do you want to see your attributes? [ynq] (y) y
 Do you want an account of creatures vanquished? [ynaq] (y) y
 Do you want to see your conduct and achievements? [ynq] (y) y
 Do you want to see the dungeon overview? [ynq] (y) y

Inventory:
 Coins    ('$')
  $ - 719 gold pieces
 Weapons  (')')
  u - a cursed -1 arrow
  b - 20 blessed +2 darts (at the ready)
  a - a +0 dagger (weapon in right hand)
 Armor    ('[')
  J - an uncursed +0 orcish helm (being worn)
 Comestibles  ('%')
  D - an uncursed carrot
  k - 2 uncursed food rations
  e - 2 uncursed fortune cookies
  q - an uncursed orange
  d - an uncursed egg
 Scrolls  ('?')
  C - an uncursed scroll of create monster
  m - a blessed scroll of enchant armor
  G - 2 uncursed scrolls of enchant armor
  X - an uncursed scroll of gold detection
  j - an uncursed scroll of remove curse
  W - an uncursed scroll of teleportation
 Potions  ('!')
  f - an uncursed potion of extra healing
  E - 5 uncursed potions of healing
  t - an uncursed potion of water
 Rings    ('=')
  l - a blessed +3 ring of gain constitution
  r - an uncursed ring of regeneration
 Wands    ('/')
  L - a wand of enlightenment (0:11)
  R - a wand of magic missile (0:4)
  A - a wand of teleportation (0:3)
 Tools    ('(')
  n - a bag of tricks (0:20)
  s - a cursed blindfold
  v - an expensive camera (0:58)
  x - a cursed skeleton key
  o - a blessed partly used tallow candle
  p - a cursed partly used wax candle
 Gems/Stones  ('*')
  K - an uncursed worthless piece of blue glass

DeathOnAStick the Tourist's attributes:

Background:
 You were a Sightseer, a level 5 male human Tourist.
 You were neutral, on a mission for The Lady
 who was opposed by Blind Io (lawful) and Offler (chaotic).
 You were right-handed.
 You were in the Gnomish Mines, on level 5.
 You entered the dungeon 1521 turns ago.
 It was nighttime.
 You had 180 experience points, 140 more were needed to attain level 6.
 Your score was 1258 before end-of-game adjustments.

Basics:
 You had 0 out of 45 hit points.
 You had all 13 energy points (spell power).
 Your armor class was 9.
 Your wallet contained 719 zorkmids.
 Autopickup was off.

Final Characteristics:
 Your strength was 4 (peak:10, limit:18/100).
 Your dexterity was 15 (limit:18).
 Your constitution was 13 (limit:18).
 Your intelligence was 15 (limit:18).
 Your wisdom was 7 (limit:18).
 Your charisma was 14 (limit:18).

Final Status:
 You were satiated.
 You were unencumbered.
 You were wielding a dagger.
 You were unskilled in dagger.

Final Attributes:
 You were devoutly aligned.
 You were fast.
 You are dead.

Miscellaneous:
 You didn't encounter any bones levels.
 Total elapsed playing time was 23 minutes and 58 seconds.

Major events:
 Turn
    1: DeathOnAStick the neutral male human Tourist entered the dungeon
  685: attained the rank of Sightseer (level 3)
 1460: entered the Gnomish Mines
 1521: killed by a dwarf

Spells:
 Name                 Level Category     Fail Retention
 magic missile          2   attack        94%  76%-100%
 healing                1   healing       42%  76%-100%

Skills:
 Fighting Skills
   bare handed combat [Unskilled]
   two weapon combat  [Unskilled]
   riding             [Unskilled]
 Weapon Skills
   dagger             [Unskilled]
   knife              [Unskilled]
   axe                [Unskilled]
   pick-axe           [Unskilled]
   short sword        [Unskilled]
   broadsword         [Unskilled]
   long sword         [Unskilled]
   two-handed sword   [Unskilled]
   saber              [Unskilled]
   mace               [Unskilled]
   morning star       [Unskilled]
   flail              [Unskilled]
   hammer             [Unskilled]
   quarterstaff       [Unskilled]
   polearms           [Unskilled]
   spear              [Unskilled]
   trident            [Unskilled]
   lance              [Unskilled]
   bow                [Unskilled]
   sling              [Unskilled]
   crossbow           [Unskilled]
   dart               [Basic]
   shuriken           [Unskilled]
   boomerang          [Unskilled]
   whip               [Unskilled]
   unicorn horn       [Unskilled]
 Spellcasting Skills
   divination spells  [Unskilled]
   enchantment spells [Unskilled]
   escape spells      [Unskilled]

Voluntary challenges:
 Character rerolling was not enabled.
 You never genocided any monsters.
 You never polymorphed an object.
 You never changed form.
 You used no wishes.
Achievements:
 You attained the rank of Sightseer.
 You entered a shop.
 You entered the Gnomish Mines.

 The Dungeons of Doom: levels 1 to 5
    Level 1:
       An altar, some fountains, a sink, a grave.
    Level 2:
    Level 3:
       A general store.
    Level 4:
       Stairs down to The Gnomish Mines.
    Level 5:
       Many fountains.
       Oracle of Delphi.
 The Gnomish Mines:
    Level 5: <- You were here.
       Final resting place for
          you, killed by a dwarf.


Vanquished creatures:
  2 gnome leaders
  a little dog
  a dwarf
  a werejackal
  a gas spore
  a hobbit
  a manes
  a large kobold
  a hobgoblin
  2 cave spiders
  9 gnomes
  a gecko
  4 jackals
  a fox
  a kobold
  2 goblins
  a sewer rat
  a grid bug
  a bat
  5 lichens
  3 kobold zombies
  5 newts
46 creatures vanquished.

No species were genocided or became extinct.

Game over:
                       ----------
                      /          \
                     /    REST    \
                    /      IN      \
                   /     PEACE      \
                  /                  \
                  |  DeathOnAStick   |
                  |      719 Au      |
                  |   killed by a    |
                  |      dwarf       |
                  |                  |
                  |                  |
                  |       2026       |
                 *|     *  *  *      | *
        _________)/\\_//(\/(/\)/\//\/|_)_______

Aloha DeathOnAStick the Tourist...

You died in The Gnomish Mines on dungeon level 5 with 1230 points,
and 719 pieces of gold, after 1521 moves.
You were level 5 with a maximum of 45 hit points when you died.

